 Dungeon Crawl Stone Soup version 0.29-a0-297-g7659ce593d (webtiles) character file.

Game seed: 12928680933343511391

41 Dabor the Insei (level 3, -1/18 HPs)
             Began as a Vine Stalker Transmuter on Mar 22, 2022.
             Was a Follower of Dithmenos.
             Slain by Sigmund
             ... wielding a +0 scythe
              (7 damage)
             ... on level 2 of the Dungeon.
             The game lasted 00:01:49 (2054 turns).

Dabor the Insei (Vine Stalker Transmuter)           Turns: 2054, Time: 00:01:49

Health: -1/18      AC:  2    Str: 12    XL:     3   Next: 52%
Magic:  0/7        EV: 12    Int: 13    God:    Dithmenos [*.....]
Gold:   117        SH:  0    Dex: 16    Spells: 4/7 levels left

rFire   . . .      SeeInvis .     - Unarmed
rCold   . . .      Faith    .   (no shield)
rNeg    . . .      Spirit   +   a - +0 robe
rPois   .          Reflect  .   (helmet currently unavailable)
rElec   .          Harm     .   (no cloak)
rCorr   .          Rampage  .   (no gloves)
Will    .....                   (boots currently unavailable)
Stlth   ++........              (no amulet)
HPRegen 0.06/turn               (no ring)
MPRegen 0.10/turn               (no ring)

@: lethally poisoned (-1 -> -4), appendages, wreathed by umbra
A: horns 2, talons 2, fangs 2, magic shield, antimagic bite, no potion heal 2
a: End Transformation, Renounce Religion


You were on level 2 of the Dungeon.
You worshipped Dithmenos.
Dithmenos was aware of your devotion.
You had temporarily grown beastly horns and talons.
You visited 1 branch of the dungeon, and saw 2 of its levels.

You collected 117 gold pieces.

Inventory:

Armour
 a - a +0 robe (worn)
Potions
 b - a potion of lignification
 c - a potion of curing {unknown}


   Skills:
 + Level 1.4 Fighting
 + Level 2.0 Dodging
 + Level 0.3 Stealth
 + Level 3.3 Unarmed Combat
 + Level 2.6 Spellcasting
 + Level 2.4 Transmutations


You had 4 spell levels left.
You knew the following spells:

 Your Spells              Type           Power      Damage    Failure   Level
a - Beastly Appendage     Tmut           14%        N/A       9%          1
b - Wereblood             Tmut           7%         N/A       14%         2

Your spell library contained the following spells:

 Spells                   Type           Power      Damage    Failure   Level
 Spider Form              Tmut/Pois      4%         N/A       41%         3
 Gell's Gravitas          Tloc           1%         N/A       58%         3
 Teleport Other           Tloc           1%         N/A       58%         3
 Ice Form                 Ice/Tmut       4%         N/A       82%         4
 Dispersal                Tloc           0%         N/A       100%        6


Dungeon Overview and Level Annotations

Branches:
Dungeon (2/15)

Altars:
Dithmenos

Annotations:
D:2 Sigmund


Innate Abilities, Weirdness & Mutations

You have temporarily grown beastly horns and talons.
You have extremely sharp teeth.
When hurt, damage is shared between your health and your magic reserves.
Your bite disrupts and absorbs the magic of your enemies.
Potions cannot restore your health.


Message History

There are monsters nearby!
You miscast Beastly Appendage.
You are very lightly contaminated with residual magic.
Nothing appears to happen.
You feel sick. The goblin closely misses you.
Sigmund falters for a moment.
The adder barely misses you.
You grow a pair of large bovine horns.
Your feet morph into talons.
You feel sick. The goblin closely misses you.
Sigmund falters for a moment.
The adder misses you.
You hit Sigmund but do no damage. You claw Sigmund. You bite Sigmund.
Sigmund's magic leaks into the air.
You drain his magic.
You feel invigorated.
Sigmund is heavily wounded.
You feel sick. The adder barely misses you.
Sigmund laughs darkly.
Sigmund hits you but does no damage. The goblin barely misses you.
The adder barely misses you.
You hit Sigmund but do no damage. Your kick misses Sigmund. You punch Sigmund.
You bite Sigmund, but do no damage.
Sigmund is heavily wounded.
You feel sick.
You are no longer poisoned.
The goblin hits you with a +0 dagger. Sigmund hits you with a +0 scythe.
The adder barely misses you.
You barely miss Sigmund. Your kick misses Sigmund.
Sigmund is heavily wounded.
The goblin barely misses you. The adder barely misses you.
You closely miss Sigmund. You bite Sigmund, but do no damage.
Sigmund is heavily wounded.
The adder closely misses you. The goblin misses you. Sigmund barely misses you.
You closely miss Sigmund. Your kick misses Sigmund.
Sigmund is heavily wounded.
The adder closely misses you. The goblin hits you with a +0 dagger.
Sigmund falters for a moment.
The adder bites you.
You are poisoned.
The adder poisons you!
Your magical contamination has completely faded away.
You hit Sigmund but do no damage.
Sigmund is heavily wounded.
You feel sick. The goblin misses you. The adder closely misses you.
Sigmund hits you with a +0 scythe!
You die...

## .### ...
#####
..########
#.!.#
..#......#
#.#.#
.....###.#
#.#.# #
.†#..# #.#
#.#.#.#
###..# #.#
#.#S#.#
####># #.#
#@@g..#
.....# #.#
###.###
######
#.########.#
#..).......#
############


You could see Sigmund (magic disrupted), an adder and a goblin.

Vanquished Creatures
  An adder (D:2)
  8 ball pythons
  An endoplasm (D:1)
  A giant cockroach (D:1)
  2 hobgoblins (D:1)
  A quokka (D:1)
  2 bats (D:1)
  A frilled lizard (D:1)
  6 goblins
  4 kobolds
  4 rats
31 creatures vanquished.

Notes
Turn   | Place    | Note
-------+----------+-------------------------------------------
     0 | D:1      | Dabor the Vine Stalker Transmuter began the quest for the
                  | Orb.
     0 | D:1      | Reached XP level 1. HP: 9/9 MP: 4/4
   194 | D:1      | Reached skill level 1 in Fighting
   417 | D:1      | Reached XP level 2. HP: 14/14 MP: 6/6
   420 | D:1      | Learned a level 2 spell: Wereblood
  1291 | D:1      | Found a faded altar of an unknown god.
  1332 | D:1      | Prayed at the altar of an unknown god.
  1332 | D:1      | Became a worshipper of Dithmenos the Shadowed
  1332 | D:1      | Reached * piety under Dithmenos
  1426 | D:1      | Reached XP level 3. HP: 7/18 MP: 3/7
  2042 | D:2      | Noticed Sigmund
  2054 | D:2      | Slain by Sigmund

Illustrated notes

Levels and vault maps discovered:
D:1:      minmay_arrival_four_houses, layout_loops_ring,
          hellmonk_ecumenical_altar_inner_sanctum, hangedman_decor_growths,
          st_stairs_14, minmay_liquid_box, chequers_serial_rivers_small_3
D:2:      layout_basic, uniq_sigmund

Skill      XL: |  1  2  3 |
---------------+----------+-----
Fighting       | 1 |  1.4
Dodging        | 2 |  2.0
Stealth        | |  0.3
Unarmed Combat | |  3.3
Spellcasting   | |  2.6
Transmutations | |  2.4

Action                   || total
-------------------------++-------
Melee: Unarmed           ||    81
       Bite              ||    13
       Kick              ||     7
       Headbutt          ||     2
       Punch             ||     1
 Cast: Beastly Appendage ||     5
  Use: Scroll            ||     2
 Stab: Sleeping          ||     3
Armor: Robe              ||    11
Dodge: Dodged            ||    62

Table legend: (Time is in decaauts)
 A = Elapsed time spent in this place.
 B = Non-inter-level travel time spent in this place.
 C = Inter-level travel time spent in this place.
 D = Time resting spent in this place.
 E = Time spent auto-exploring this place.
 F = Levels seen in this place.
 G = Mean time per level.
                   A        B        C        D        E       F      G
               +--------+--------+--------+--------+--------+-----+--------+
         Total |   2053 |   1995 |     58 |      0 |   1824 |   2 | 1026.5 |
       Dungeon |   2053 |   1995 |     58 |      0 |   1824 |   2 | 1026.5 |
               +--------+--------+--------+--------+--------+-----+--------+

Top non-repeatable levels by time:
     D:1: 1801 daAuts
     D:2: 252 daAuts
